 Dungeon Crawl Stone Soup version 0.29.0-4-gdea44cf6ec (webtiles) character file.

Game seed: 6143333054109747750

98 qw the Ruffian (level 4, -2/36 HPs)
             Began as a Ghoul Fire Elementalist on Aug 30, 2022.
             Slain by an orc wizard
             ... wielding a +0 dagger
              (3 damage)
             ... on level 3 of the Dungeon.
             The game lasted 00:02:37 (3407 turns).

qw the Ruffian (Ghoul Fire Elementalist)            Turns: 3407, Time: 00:02:38

Health: -2/36      AC:  5    Str: 13    XL:     4   Next: 69%
Magic:  5/5        EV: 11    Int: 10    God:
Gold:   56         SH:  0    Dex:  9    Spells: 5/6 levels left

rFire   . . .      SeeInvis .     - Unarmed
rCold   + . .      Faith    .   (no shield)
rNeg    + + +      Spirit   .   g - +0 leather armour
rPois   inf        Reflect  .   (no helmet)
rElec   .          Harm     .   h - +1 cloak
rCorr   .          Rampage  .   (no gloves)
Will    .....                   (no boots)
Stlth   +.........              (no amulet)
HPRegen 0.00/turn               (no ring)
MPRegen 0.09/turn               (no ring)

@: confused, inhibited regen
A: claws 1, cold resistance 1, negative energy resistance 3, inhibited
regeneration, torment resistance 2, devour on kill
a: no special abilities


You were on level 3 of the Dungeon.
You visited 1 branch of the dungeon, and saw 3 of its levels.

You collected 122 gold pieces.
You spent 66 gold pieces at shops.


Innate Abilities, Weirdness & Mutations

You are immune to poison.
You have sharp fingernails.
Your flesh is cold resistant. (rC+)
You are immune to negative energy. (rN+++)
You do not regenerate when monsters are visible.
You are immune to unholy pain and torment.
You thrive by killing the living.


   Skills:
 + Level 1.8 Fighting
 - Level 1.7 Dodging
 - Level 2.1 Stealth
 - Level 4.0 Unarmed Combat
 - Level 1.7 Spellcasting
 - Level 0.7 Conjurations
 - Level 2.4 Fire Magic


You had 5 spell levels left.
You knew the following spells:

 Your Spells              Type           Power      Damage    Failure   Level
a - Foxfire               Conj/Fire      16%        2x1d4     22%         1

Your spell library contained the following spells:

 Spells                   Type           Power      Damage    Failure   Level
 Scorch                   Fire           10%        2d6       22%         2
 Conjure Flame            Conj/Fire      4%         6-21      54%         3
 Inner Flame              Hex/Fire       3%         N/A       58%         3
 Flame Wave               Conj/Fire      4%         2d5       91%         4

Inventory:

Armour
 e - a +0 ring mail
 g - a +0 leather armour (worn)
 h - a +1 cloak (worn)
Scrolls
 a - a scroll of identify
 c - 2 scrolls of teleportation
Potions
 b - a potion of cancellation {unknown}
 f - a potion of ambrosia {unknown}
 i - a potion of attraction {unknown}
 j - a potion of degeneration {unknown}

Dungeon Overview and Level Annotations

Branches:
Dungeon (3/15)

Altars:
Xom

Shops:
D:2 ?   D:3 (


Message History

You're too confused to move!
The orc hits you with a +0 club. Something hits you.
The orc hits you with a +0 club. The orc barely misses you.
You closely miss the orc.
The orc is heavily wounded.
The orc hits you but does no damage.
You hear some strange, mumbled words.
You are more confused.
You bump into the rock wall.
The orc hits you with a +0 club. Something hits you but does no damage.
You bump into the rock wall.
The orc hits you with a +0 club. Something hits you but does no damage.
Something hits you.
You hear some strange, mumbled words.
You are more confused.
The orc closely misses you.
You miss something. Something hits you.
You closely miss the orc.
The orc is heavily wounded.
The orc attacks as you move away! The orc hits you but does no damage.
Something hits you.
You closely miss the orc.
The orc is heavily wounded.
Something hits you. The orc barely misses you.
You completely miss something. The orc barely misses you.
You hear some strange, mumbled words.
Something tries to affect you, but you resist.
The orc barely misses you. Something hits you.
You scratch the orc.
The orc is almost dead.
The orc barely misses you. Something hits you.
The orc hits you but does no damage. Something hits you but does no damage.
You closely miss the orc.
The orc is almost dead.
The orc closely misses you. Something hits you.
The orc hits you but does no damage. Something hits you.
You die...

......# #.##.###... ......#
####.##.# #... ......# #.....#.#
#... ......# #..)#.#.###...
##'#### #...#.#...'...
#.########### #...#....##...
##...........#######...####.##...
...###.........o...#...# #.##.#+
...# #..........@..#...# #.##(#.
...# #..........o^.#...# ##+##.#.
...# #.............#...###...#.#.
...# #...................'...'.#.
...# #..................##...#...
...# #..................##...#..#
...# #..................##...#...
...# ############.....#.##...#...
...### #.....#.##...#...


You could see 2 orcs.

Vanquished Creatures
  Jessica (D:3)
  An adder (D:3)
  3 worms (D:2)
  A dart slug (D:1)
  5 ball pythons
  3 endoplasms
  2 giant cockroaches
  6 goblins
  6 hobgoblins
  4 jackals (D:2)
  7 kobolds
  4 bats
  3 frilled lizards (D:1)
  6 rats
52 creatures vanquished.

Notes
Turn   | Place    | Note
-------+----------+-------------------------------------------
     0 | D:1      | qw the Ghoul Fire Elementalist began the quest for the Orb.
     0 | D:1      | Reached XP level 1. HP: 14/14 MP: 2/2
     0 | D:1      | 0 ||| qw: Version: 0.1-a-90-g952f4b7
     0 | D:1      | 0 ||| qw: Game counter: 4358
     0 | D:1      | 0 ||| qw: Always use a shield: true
     0 | D:1      | 0 ||| qw: God list: Okawaru
     0 | D:1      | 0 ||| qw: Allow faded altars: false
     0 | D:1      | 0 ||| qw: Do Orc after D:15 true
     0 | D:1      | 0 ||| qw: Do second Lair branch before Depths: true
     0 | D:1      | 0 ||| qw: Lair rune preference: random
     0 | D:1      | 0 ||| qw: Plans: Normal
     0 | D:1      | 0 ||| PLANNING D:1-11
   195 | D:1      | Reached skill level 1 in Unarmed Combat
   201 | D:1      | HP: 2/14 [frilled lizard (3)]
   444 | D:1      | 444 ||| Stepping ~*~*~tactically~*~*~ (stealth).
   493 | D:1      | 493 ||| Stepping ~*~*~tactically~*~*~ (stealth).
   495 | D:1      | 495 ||| Stepping ~*~*~tactically~*~*~ (stealth).
   503 | D:1      | Reached XP level 2. HP: 16/22 MP: 3/3
   505 | D:1      | Reached skill level 1 in Fighting
   514 | D:1      | 514 ||| Stepping ~*~*~tactically~*~*~ (stealth).
   515 | D:1      | 515 ||| Stepping ~*~*~tactically~*~*~ (stealth).
   521 | D:1      | 521 ||| Stepping ~*~*~tactically~*~*~ (stealth).
   526 | D:1      | 526 ||| Stepping ~*~*~tactically~*~*~ (stealth).
   544 | D:1      | 544 ||| Stepping ~*~*~tactically~*~*~ (stealth).
   551 | D:1      | 551 ||| Stepping ~*~*~tactically~*~*~ (stealth).
   552 | D:1      | 552 ||| Stepping ~*~*~tactically~*~*~ (stealth).
   586 | D:1      | Found a faded altar of an unknown god.
   712 | D:1      | 712 ||| Stepping ~*~*~tactically~*~*~ (stealth).
   780 | D:1      | Reached skill level 2 in Unarmed Combat
   782 | D:1      | 782 ||| Stepping ~*~*~tactically~*~*~ (stealth).
   939 | D:1      | 939 ||| Stepping ~*~*~tactically~*~*~ (outnumbered).
  1028 | D:1      | Reached XP level 3. HP: 28/28 MP: 4/4
  1513 | D:1      | 1513 ||| UPGRADING to +0 leather armour.
  1523 | D:1      | 1523 ||| DROPPING +0 robe.
  1524 | D:1      | 1524 ||| READING 2 scrolls labelled MAANYJY WONAE.
  1525 | D:1      | 1525 ||| READING scroll labelled JUTWINI ZE GESCH.
  1526 | D:1      | 1526 ||| DRINKING 2 bubbling dark potions.
  1527 | D:1      | 1527 ||| DROPPING potion of magic.
  1806 | D:2      | 1806 ||| FLEEEEING.
  1807 | D:2      | 1807 ||| FLEEEEING.
  1808 | D:2      | 1808 ||| FLEEEEING.
  1809 | D:2      | 1809 ||| FLEEEEING.
  1810 | D:2      | 1810 ||| STAIRDANCE
  1846 | D:1      | 1846 ||| UPGRADING to +0 cloak.
  1851 | D:1      | 1851 ||| READING scroll of enchant armour.
  1851 | D:1      | 1851 ||| ENCHANTING +0 cloak.
  1852 | D:1      | 1852 ||| READING scroll labelled JUJUAH ZORCHOG.
  1853 | D:1      | 1853 ||| READING scroll labelled PIKLIDYKHUICA.
  1888 | D:2      | Found Esoleav's Magic Scroll Emporium.
  1898 | D:2      | 1898 ||| SHOPLISTING scroll of enchant armour (82 gold,
                  | have 70).
  1898 | D:2      | 1898 ||| BUYING scroll of teleportation (33 gold).
  1898 | D:2      | Bought a scroll of teleportation for 33 gold pieces
  1898 | D:2      | 1898 ||| BUYING scroll of teleportation (33 gold).
  1898 | D:2      | Bought a scroll of teleportation for 33 gold pieces
  1916 | D:2      | 1916 ||| Stepping ~*~*~tactically~*~*~ (stealth).
  1918 | D:2      | 1918 ||| Stepping ~*~*~tactically~*~*~ (stealth).
  1947 | D:2      | Reached skill level 3 in Unarmed Combat
  2061 | D:2      | 2061 ||| FLEEEEING.
  2062 | D:2      | 2062 ||| FLEEEEING.
  2063 | D:2      | 2063 ||| FLEEEEING.
  2064 | D:2      | 2064 ||| FLEEEEING.
  2065 | D:2      | 2065 ||| FLEEEEING.
  2067 | D:2      | 2067 ||| FLEEEEING.
  2068 | D:2      | 2068 ||| FLEEEEING.
  2069 | D:2      | 2069 ||| FLEEEEING.
  2071 | D:2      | 2071 ||| FLEEEEING.
  2073 | D:2      | 2073 ||| FLEEEEING.
  2074 | D:2      | 2074 ||| FLEEEEING.
  2075 | D:2      | 2075 ||| STAIRDANCE
  2101 | D:1      | 2101 ||| READING scroll labelled NYNUJO PETS.
  2641 | D:2      | 2641 ||| READING scroll labelled SUSHRI USYHE.
  2642 | D:2      | 2642 ||| Stepping ~*~*~tactically~*~*~ (stealth).
  2838 | D:3      | Found a shimmering altar of Xom.
  2840 | D:3      | Found a shimmering altar of Xom.
  2840 | D:3      | Found a shimmering altar of Xom.
  2841 | D:3      | Found a shimmering altar of Xom.
  2860 | D:3      | 2860 ||| Stepping ~*~*~tactically~*~*~ (stealth).
  2897 | D:3      | Noticed Jessica
  2902 | D:3      | Killed Jessica
  2903 | D:3      | Reached skill level 4 in Unarmed Combat
  2903 | D:3      | Reached XP level 4. HP: 35/35 MP: 5/5
  3135 | D:3      | 3135 ||| Stepping ~*~*~tactically~*~*~ (stealth).
  3152 | D:3      | 3152 ||| Stepping ~*~*~tactically~*~*~ (stealth).
  3153 | D:3      | 3153 ||| Stepping ~*~*~tactically~*~*~ (stealth).
  3209 | D:3      | 3209 ||| Stepping ~*~*~tactically~*~*~ (stealth).
  3307 | D:3      | Found Egerouf's Weapon Boutique.
  3385 | D:3      | 3385 ||| DRINKING potion of curing.
  3385 | D:3      | 3385 ||| (to cure confusion)
  3390 | D:3      | 3390 ||| Stepping ~*~*~tactically~*~*~ (outnumbered).
  3391 | D:3      | 3391 ||| Stepping ~*~*~tactically~*~*~ (outnumbered).
  3392 | D:3      | 3392 ||| Stepping ~*~*~tactically~*~*~ (outnumbered).
  3403 | D:3      | HP: 8/36 [something (3)]
  3406 | D:3      | HP: 2/36 [something (2)]
  3407 | D:3      | Slain by an orc wizard

Levels and vault maps discovered:
D:1:      dpeg_arrival_boxes_within_box, layout_loops_ring,
          ebering_ecumenical_altar_hall
D:2:      layout_basic, serial_shops, nicolae_lakefront_shop,
          minmay_misc_feat_plants, hangedman_decor_opposing,
          nicolae_figureground_sparkle
D:3:      layout_basic, xom_redecorated, serial_shops, shop,
          hangedman_decor_lopped, uniq_jessica

Skill      XL: |  1  2  3 |
---------------+----------+-----
Unarmed Combat | 1 2 4 |  4.0
Fighting       | 1 |  1.8
Dodging        | |  1.7
Stealth        | |  2.1
Spellcasting   | |  1.7
Conjurations   | |  0.7
Fire Magic     | |  2.4

Action                   |  1- 3 |  4- 6 || total
-------------------------+-------+-------++-------
Melee: Unarmed           |   170 |    37 ||   207
       Punch             |     5 |     1 ||     6
  Use: Scroll            |     7 |       ||     7
       Potion            |     1 |     1 ||     2
Armor: Robe              |    15 |       ||    15
       Leather armour    |    16 |    14 ||    30
Dodge: Dodged            |    88 |    18 ||   106

Table legend:
 A = Non-vault XP
 B = Vault XP
 C = Vault XP percentage of total XP
 D = Non-vault monster count
 E = Vault monster count
 F = Vault count percentage of total count
                 A         B        C        D         E       F
            +---------+---------+-------+---------+---------+-------
      Total |     103 |      37 |  26.4 |      51 |       1 |   1.9
            +---------+---------+-------+---------+---------+-------
        D:1 |      39 |       0 |   0.0 |      25 |       0 |   0.0
        D:2 |      38 |       0 |   0.0 |      18 |       0 |   0.0
        D:3 |      26 |      37 |  58.7 |       8 |       1 |  11.1
            +---------+---------+-------+---------+---------+-------
